General information
			
			
        
        - name: Local Game (TIMG4STRok)
 
        - type: Custom game
 
        - host: TIMG4STRok
 
        - saver: TIMG4STRok
 
        
map: EchoIsles 
        - players: 4
 
        - length: 23:36
 
        - speed: Fast
 - version: 1.22 W3XP
 - replay type:  

 
» download(172 KB)
Players
        team 1 (winner) 
              
              
» 
TIMG4STRok (
gray | 163 APM | 3846 actions | 23:36)
              
 4 Warden 
 2 Shadow Strike
 2 Blink
 4 Pandaren Brewmaster 
 2 Breath of Fire
 1 Drunken Haze
 1 Drunken Brawler
 
                » actions 
                
                | Assign group hotkey | 36 |  | 
| Basic commands | 196 |  | 
| Build / train | 90 |  | 
| ESC pressed | 3 |  | 
| Enter build submenu | 20 |  | 
| Enter hero's abilities submenu | 8 |  | 
| Give item / drop item | 11 |  | 
| Right click | 1846 |  | 
| Select / deselect | 264 |  | 
| Select group hotkey | 1220 |  | 
| Use ability | 152 |  | 
                3846 total
 » units 
                
                | Wisp | 23 |  | 
| Archer | 6 |  | 
| Dryad | 14 |  | 
| Druid of the Claw | 3 |  | 
                46 total
 » upgrades
                
                | Improved Bows | 1 |  | 
| Abolish Magic | 1 |  | 
| Ultravision | 1 |  | 
| Strength of the Wild | 3 |  | 
| Reinforced Hides | 3 |  | 
| Well Spring | 1 |  | 
| Nature's Blessing | 1 |  | 
| Druid of the Claw Training | 2 |  | 
                13 total
 » buildings
                
                | Altar of Elders | 2 |  | 
| Moon Well | 5 |  | 
| Ancient of War | 1 |  | 
| Tree of Ages | 1 |  | 
| Hunter's Hall | 1 |  | 
| Ancient of Lore | 2 |  | 
| Ancient Protector | 5 |  | 
| Ancient of Wonders | 1 |  | 
| Tree of Eternity | 1 |  | 
| Tree of Life | 3 |  | 
                22 total
 » build order
                00:05 Altar of Elders
00:08 Altar of Elders
00:16 Moon Well
00:36 Ancient of War
01:29 Moon Well
02:32 Tree of Ages
03:10 Moon Well
03:56 Hunter's Hall
05:09 Ancient of Lore
05:42 Ancient Protector
05:44 Ancient Protector
06:21 Moon Well
07:17 Ancient of Wonders
09:13 Tree of Eternity
10:21 Moon Well
13:10 Ancient Protector
13:32 Ancient Protector
13:35 Tree of Life
13:37 Ancient Protector
13:38 Tree of Life
15:02 Tree of Life
16:28 Ancient of Lore
» items
                
                | Lesser Clarity Potion | 5 |  | 
| Moonstone | 1 |  | 
| Boots of Speed | 2 |  | 
| Potion of Healing | 1 |  | 
| Staff of Preservation | 2 |  | 
| Potion of Mana | 1 |  | 
| Scroll of Healing | 2 |  | 
| Orb of Venom | 2 |  | 
| Dust of Appearance | 1 |  | 
                17 total
  
               team 2 (loser) 
              
              
CJAYISTHEMAN (
blue | 207 APM | 4888 actions | 23:35)
              
 4 Death Knight 
 2 Death Coil
 1 Unholy Aura
 1 Death Pact
 3 Lich 
 2 Frost Nova
 1 Dark Ritual
 
                » actions 
                
                | Assign group hotkey | 49 |  | 
| Basic commands | 179 |  | 
| Build / train | 134 |  | 
| Enter build submenu | 26 |  | 
| Enter hero's abilities submenu | 7 |  | 
| Give item / drop item | 6 |  | 
| Remove unit from queue | 11 |  | 
| Right click | 1942 |  | 
| Select / deselect | 648 |  | 
| Select group hotkey | 1736 |  | 
| Use ability | 150 |  | 
                4888 total
 » units 
                
                | Acolyte | 15 |  | 
| Ghoul | 11 |  | 
| Gargoyle | 16 |  | 
| Abomination | 11 |  | 
| Obsidian Statue | 1 |  | 
| Meatwagon | 1 |  | 
                55 total
 » upgrades
                
                | Creature Attack | 1 |  | 
| Ghoul Frenzy | 1 |  | 
| Stone Form | 1 |  | 
| Disease Cloud | 1 |  | 
| Destroyer Form | 1 |  | 
| Unholy Armor | 1 |  | 
| Unholy Strength | 1 |  | 
                7 total
 » buildings
                
                | Crypt | 3 |  | 
| Altar of Darkness | 2 |  | 
| Ziggurat | 10 |  | 
| Tomb of Relics | 1 |  | 
| Nerubian Tower | 4 |  | 
| Halls of the Dead | 1 |  | 
| Graveyard | 1 |  | 
| Black Citadel | 2 |  | 
| Sacrificial Pit | 1 |  | 
| Boneyard | 2 |  | 
| Slaughterhouse | 2 |  | 
| Spirit Tower | 3 |  | 
                32 total
 » build order
                00:04 Crypt
00:06 Crypt
00:09 Altar of Darkness
00:11 Altar of Darkness
00:35 Ziggurat
00:59 Tomb of Relics
01:29 Ziggurat
02:50 Nerubian Tower
02:50 Nerubian Tower
03:37 Halls of the Dead
04:09 Graveyard
04:55 Crypt
04:57 Ziggurat
06:01 Black Citadel
06:01 Black Citadel
06:14 Sacrificial Pit
08:49 Boneyard
08:50 Ziggurat
08:56 Ziggurat
10:21 Boneyard
10:41 Slaughterhouse
10:43 Slaughterhouse
11:14 Ziggurat
11:15 Ziggurat
15:33 Ziggurat
16:02 Ziggurat
16:51 Nerubian Tower
16:51 Nerubian Tower
17:18 Spirit Tower
19:27 Spirit Tower
19:27 Spirit Tower
23:04 Ziggurat
» items
                
                | Rod of Necromancy | 3 |  | 
| Dust of Appearance | 1 |  | 
| Potion of Healing | 7 |  | 
| Boots of Speed | 3 |  | 
| Sacrificial Skull | 1 |  | 
| Scroll of Healing | 3 |  | 
| Orb of Corruption | 2 |  | 
| Scroll of Town Portal | 2 |  | 
| Potion of Mana | 1 |  | 
| Claws of Attack +9 | 3 |  | 
| Potion of Greater Healing | 2 |  | 
                28 total
  
               refereesBetrayed., 
RUSH[yyz] Chat log
          (00:12 / All) TIMG4STRok: 0 ping owning me
(00:13 / All) TIMG4STRok: gg gl
(00:22 / All) CJAYISTHEMAN: URA FAGOT
(00:26 / All) TIMG4STRok: manner game
(00:28 / All) RUSH[yyz]: summa summa time murda
(00:46 / All) CJAYISTHEMAN: UR GONNA GET SO RAPED
(00:47 / All) CJAYISTHEMAN: OMG
(00:48 / All) CJAYISTHEMAN: LKOL
(00:56 / All) TIMG4STRok: probably, ud is gay imba race
(01:08 / All) CJAYISTHEMAN: WORST RACE THESE PAST COUPLE PATCHES
(01:18 / All) RUSH[yyz]: if done correct, no can defend - Mr.Miyagi
(01:19 / All) CJAYISTHEMAN: FUCKED MY BASE BUILD
(01:22 / All) RUSH[yyz]: from karate kid
(01:28 / All) RUSH[yyz]: great movie
(01:33 / All) CJAYISTHEMAN: JESUS TOM GIVE IT A REST
(01:34 / All) Betrayed.: which 1?
(01:36 / All) CJAYISTHEMAN: NOE ONE FUCKING CARES
(01:38 / All) RUSH[yyz]: first one
(01:42 / All) Betrayed.: oh ok
(01:43 / All) RUSH[yyz]: i was talking to venkus
(01:49 / All) Betrayed.: realy jay
(01:49 / All) CJAYISTHEMAN: he doesnt care bro
(01:51 / All) Betrayed.: stfu
(01:52 / All) CJAYISTHEMAN: ur a faggot
(01:55 / All) Betrayed.: i do care
(01:56 / All) RUSH[yyz]: go fuck yaself
(03:32 / All) RUSH[yyz]: gotta be true to myself
(04:19 / All) CJAYISTHEMAN: go to hell warden boy
(04:36 / All) RUSH[yyz]: warden is for real men
(05:13 / All) CJAYISTHEMAN: ur done
(05:24 / All) RUSH[yyz]: 2 dks
(05:25 / All) RUSH[yyz]: omg
(05:42 / All) RUSH[yyz]: hall him..
(05:50 / All) Betrayed.: lol
(06:08 / All) TIMG4STRok: lmao
(06:09 / All) RUSH[yyz]: :(
(06:12 / All) TIMG4STRok: man
(06:15 / All) RUSH[yyz]: heh
(06:19 / All) CJAYISTHEMAN: Raped
(06:24 / All) RUSH[yyz]: tricky there 
(06:53 / All) Betrayed.: homie dont play that
(07:02 / All) RUSH[yyz]: dont go there girlfriend
(07:06 / All) RUSH[yyz]: lol
(07:41 / All) RUSH[yyz]: give yourself in to absolute pleasure
(08:37 / All) RUSH[yyz]: ah
(08:45 / All) RUSH[yyz]: what a joke
(08:51 / All) TIMG4STRok: you kidding
(08:52 / All) RUSH[yyz]: omg omg
(09:21 / All) RUSH[yyz]: i call shananagans
(10:15 / All) RUSH[yyz]: lol
(10:21 / All) RUSH[yyz]: jay you see space rape strifecro
(10:24 / All) RUSH[yyz]: so good
(10:31 / All) RUSH[yyz]: he just aura first and surrounds all his shit
(17:47 / All) Betrayed.: G
(17:48 / All) Betrayed.: GG
(18:07 / All) Betrayed.: fail jay
(18:16 / All) Betrayed.: expected garg surround on panda
(19:14 / All) RUSH[yyz]: Dont dream it
(19:49 / All) Betrayed.: does it hurt jay?
(22:00 / All) RUSH[yyz]: lovely party
(22:14 / All) Betrayed.: its my party and ill cry if i want to
(22:25 / All) Betrayed.: right jay?
(22:30 / All) CJAYISTHEMAN: no
(22:34 / All) RUSH[yyz]: not fury...all im sayin
(22:39 / All) CJAYISTHEMAN: how u play vs wardn
(22:45 / All) RUSH[yyz]: you dont
(22:48 / All) RUSH[yyz]: just alt qq
(23:00 / All) RUSH[yyz]: give up
(23:09 / All) TIMG4STRok: fyi
(23:13 / All) TIMG4STRok: i played out of my mind this game
(23:15 / All) TIMG4STRok: so dont feel bad
(23:19 / All) TIMG4STRok: even if you win
(23:29 / All) Betrayed.: id feel bad jay
(23:34 / All) Betrayed.: look at dat
(23:35 / All) CJAYISTHEMAN: Gg